 Dungeon Crawl Stone Soup version 0.30-a0-310-g7d6cbdfea6 (webtiles) character file.

Game seed: 15867343320894297754

212 ragingrage the Slasher (level 5, 0/41 HPs)
             Began as a Demigod Gladiator on Oct 24, 2022.
             Slain by an orc wizard
             ... wielding a +0 dagger
              (1 damage)
             ... on level 4 of the Dungeon.
             The game lasted 00:02:13 (2347 turns).

ragingrage the Slasher (Demigod Gladiator)          Turns: 2347, Time: 00:02:13

Health: 0/41       AC:  5    Str: 14 (15) XL:     5   Next: 31%
Magic:  7/7        EV: 12    Int:  9 (10) God:
Gold:   93         SH:  0    Dex: 16 (19) Spells: 4/4 levels left

rFire   . . .      SeeInvis .    a - +0 long sword
rCold   . . .      Faith    .    (no shield)
rNeg    . . .      Spirit   .    b - +0 leather armour
rPois   .          Reflect  .    c - +0 helmet
rElec   .          Harm     .    (no cloak)
rCorr   .          Rampage  .    (no gloves)
Will    .....                    m - +0 pair of boots
Stlth   +.........               (no amulet)
HPRegen 0.26/turn                (no ring)
MPRegen 0.10/turn                (no ring)

@: brilliant, attractive
A: high MP 1, forlorn, divine attributes, hooves 1, evolution 1, inability to
drink after injury 1
a: no special abilities


You were on level 4 of the Dungeon.
You visited 1 branch of the dungeon, and saw 4 of its levels.

You collected 93 gold pieces.

Inventory:

Hand Weapons
 a - a +0 long sword (weapon)
Missiles
 d - 3 throwing nets (quivered)
 e - a javelin
 h - 7 poisoned darts
Armour
 b - a +0 leather armour (worn)
 c - a +0 helmet (worn)
 m - a +0 pair of boots (worn)
Scrolls
 f - 3 scrolls of noise {unknown}
 g - 2 scrolls of immolation {unknown}
 i - a scroll of acquirement {unknown}
 j - a scroll of silence {unknown}
 l - 2 scrolls of teleportation {unknown}
 n - 2 scrolls of enchant weapon {unknown}
 t - a scroll of identify {unknown}
 u - a scroll of blinking {unknown}
Potions
 q - a potion of lignification


   Skills:
 - Level 1.7 Fighting
 + Level 5.8 Long Blades
 - Level 1.7 Throwing
 - Level 2.6 Dodging


You had 4 spell levels left.
You didn't know any spells.
Your spell library contained the following spells:

 Spells                   Type           Power      Damage    Failure   Level
 Shock                    Conj/Air       0%         1d3       45%         1
 Swiftness                Air            0%         N/A       83%         3
 Airstrike                Air            0%         2d(0-16)  99%         4


Dungeon Overview and Level Annotations

Branches:
Dungeon (4/15)
 Temple: D:4-7


Innate Abilities, Weirdness & Mutations

You have an increased reservoir of magic. (+10% MP)
You shall have no god before yourself.
Your divine heritage dramatically boosts your attributes as you level up.
You have large cloven feet.
You have hidden genetic potential.
You occasionally lose the ability to drink potions when taking damage.


Message History

The orc is almost dead.
The orc hits you with a +0 hand axe.
You slash the orc!
You kill the orc!
You closely miss something. Something hits you but does no damage.
You barely miss something.
You hear some strange, mumbled words.
A magic dart appears from out of thin air!
The magic dart hits you!
* * * LOW HITPOINT WARNING * * *
You closely miss something. Something hits you.
* * * LOW HITPOINT WARNING * * *
You miss something. Something hits you but does no damage.
You closely miss something. Something hits you but does no damage.
You miss something. Something hits you.
* * * LOW HITPOINT WARNING * * *
Something hits you.
* * * LOW HITPOINT WARNING * * *
You slash something! Something hits you but does no damage.
You miss something. Something hits you but does no damage.
It was a potion of attraction.
You feel attractive to monsters. Something hits you but does no damage.
It was a potion of degeneration.
There was something very wrong with that liquid.
You feel weakened.
You feel dopey.
You feel clumsy. Something hits you.
* * * LOW HITPOINT WARNING * * *
It was a potion of mutation.
You feel extremely strange.
You feel a hidden potential growing inside you.
You occasionally lose the ability to drink potions when taking damage.
Your feet thicken and deform.
Something hits you.
* * * LOW HITPOINT WARNING * * *
It was a potion of brilliance.
You feel clever all of a sudden. Something hits you.
* * * LOW HITPOINT WARNING * * *
You closely miss something. Something hits you.
You die...

#.#..# #.#.##
#.#.# #...# #..##
#.## #.#
#.########.#######
.......@{.........
#.#######..#######
#o...# #...##.#
.!..o## #.# ..##
#.# . #.# #.# .#


There were no monsters in sight!

Vanquished Creatures
  A scorpion (D:4)
  A jelly (D:4)
  An orc priest (D:4)
  2 adders (D:2)
  A worm (D:2)
  2 dart slugs
  5 orcs
  6 ball pythons
  7 endoplasms
  A giant cockroach (D:1)
  5 hobgoblins
  9 kobolds
  2 quokkas (D:2)
  A bat (D:1)
  5 frilled lizards
  6 goblins
  7 rats
62 creatures vanquished.

Notes
Turn   | Place    | Note
-------+----------+-------------------------------------------
     0 | D:1      | ragingrage the Demigod Gladiator began the quest for the
                  | Orb.
     0 | D:1      | Reached XP level 1. HP: 17/17 MP: 3/3
   171 | D:1      | Reached skill level 3 in Long Blades
   241 | D:1      | Reached XP level 2. HP: 24/24 MP: 4/4
   907 | D:2      | Reached XP level 3. HP: 27/29 MP: 5/5
   951 | D:2      | Reached skill level 4 in Long Blades
  2032 | D:3      | Reached XP level 4. HP: 36/36 MP: 6/6
  2047 | D:4      | Reached skill level 5 in Long Blades
  2283 | D:4      | Reached XP level 5. HP: 37/41 MP: 7/7
  2345 | D:4      | Gained mutation: You have hidden genetic potential. [potion
                  | of mutation]
  2345 | D:4      | Gained mutation: You occasionally lose the ability to drink
                  | potions when taking damage. [potion of mutation]
  2345 | D:4      | Gained mutation: You have large cloven feet. [potion of
                  | mutation]
  2345 | D:4      | HP: 2/41 [something (1)]
  2347 | D:4      | Slain by an orc wizard

Illustrated notes

Levels and vault maps discovered:
D:1:      tarquinn_simple_flora_water_f, layout_loops_ring,
          ebering_ecumenical_altar_box, nicolae_eternal_life,
          minmay_strange_pillars
D:2:      minmay_inner_zag, layout_basic
D:3:      layout_basic, nicolae_uskayaw_murder_on_the_dancefloor
D:4:      layout_basic, kennysheep_generic_room_16, uniq_crazy_yiuf_cottage

Skill      XL: |  1  2  3  4 |
---------------+-------------+-----
Long Blades    | 3 4 5 |  5.8
Fighting       | |  1.7
Throwing       | |  1.7
Dodging        | |  2.6

Action                   |  1- 3 |  4- 6 || total
-------------------------+-------+-------++-------
Melee: Long sword        |   126 |    45 ||   171
       Punch             |     1 |       ||     1
  Use: Potion            |       |     6 ||     6
 Stab: Sleeping          |     3 |       ||     3
Armor: Leather armour    |    41 |    13 ||    54
       Skin              |       |    10 ||    10
Dodge: Dodged            |    56 |    31 ||    87

Table legend: (Time is in decaauts)
 A = Elapsed time spent in this place.
 B = Non-inter-level travel time spent in this place.
 C = Inter-level travel time spent in this place.
 D = Time resting spent in this place.
 E = Time spent auto-exploring this place.
 F = Levels seen in this place.
 G = Mean time per level.
                   A        B        C        D        E       F      G
               +--------+--------+--------+--------+--------+-----+--------+
         Total |   2378 |   2304 |     74 |    274 |   1597 |   4 |  594.5 |
       Dungeon |   2378 |   2304 |     74 |    274 |   1597 |   4 |  594.5 |
               +--------+--------+--------+--------+--------+-----+--------+

Top non-repeatable levels by time:
     D:2: 1022 daAuts
     D:1: 913 daAuts
     D:4: 316 daAuts
     D:3: 126 daAuts
